AoeStats
← NDF

Arabia

504603933Analyzed
2v2 RM · 27d ago on Sep 5, 2026· 40m 9s· 4 players
Game mode
Random Map
Map size
Medium (4 player)
Population
200
Speed
Normal
Resources
Standard
Victory
Conquest
Starting age
Dark Age
Ending age
Imperial Age
RankedLock teamsTeams togetherTeam positionsShared explorationLock speedFull tech treeHidden civsTurbo modeCheats
Victory
Defeat
🇦🇷 Teutons · Argentina
685
+19
🇦🇷 Spanish · Argentina
684
+19
🇺🇸 Berbers · United States
774
-20
🇺🇸 Bohemians · United States
725
-18
NDF
3:40 Loom
12:49 Feudal Age
20:11 Castle Age
18:54 Horse Collar
19:23 Double-Bit Axe
19:58 Gold Mining
21:36 Forging
21:47 Stone Mining
21:43 Elite Skirmisher
22:30 Arson
23:51 Stone Shaft Mining
34:23 Bow Saw
34:19 Heavy Plow
38:34 Iron Casting
37:59 Scale Mail Armor
40:44 Imperial Age
40:29 Wheelbarrow
estebanpa
3:59 Loom
11:23 Feudal Age
12:22 Horse Collar
14:06 Man-at-Arms
15:35 Double-Bit Axe
17:14 Wheelbarrow
20:32 Castle Age
18:39 Stone Mining
18:50 Gold Mining
21:46 Bow Saw
21:44 Heavy Plow
22:23 Stone Shaft Mining
25:26 Hand Cart
26:47 Squires
26:08 Pikeman
27:09 Gambesons
26:45 Long Swordsman
31:00 Imperial Age
30:36 Ballistics
30:12 Murder Holes
30:29 Scale Mail Armor
30:40 Forging
30:36 Scale Barding Armor
33:00 Two-Man Saw
32:35 Chain Mail Armor
32:57 Iron Casting
35:03 Two-Handed Swordsman
36:03 Caravan
37:33 Champion
38:34 Halberdier
39:53 Cavalier
40:44 Bloodlines
BuRiB//Boothey269
0:29 Loom
15:56 Feudal Age
17:19 Double-Bit Axe
17:44 Arson
21:05 Stone Mining
21:08 Gold Mining
23:32 Castle Age
22:20 Horse Collar
22:42 Fletching
22:59 Scale Barding Armor
22:56 Padded Archer Armor
23:08 Forging
24:08 Scale Mail Armor
25:40 Bloodlines
26:12 Husbandry
26:49 Bow Saw
28:36 Wheelbarrow
31:19 Hand Cart
31:53 Thumb Ring
31:52 Bodkin Arrow
32:13 Leather Archer Armor
33:37 Light Cavalry
38:15 Imperial Age
37:44 Chain Barding Armor
40:22 Bracer
40:53 Ring Archer Armor
BuRiB// FiFty
3:36 Loom
13:50 Feudal Age
14:29 Double-Bit Axe
18:08 Wheelbarrow
18:18 Horse Collar
21:15 Fletching
21:36 Forging
24:37 Padded Archer Armor
24:39 Scale Mail Armor
27:37 Town Watch
27:17 Man-at-Arms
33:38 Castle Age
33:02 Scale Barding Armor
34:38 Bow Saw
34:45 Bodkin Arrow
35:37 Heavy Plow
35:56 Leather Archer Armor
38:45 Chemistry
39:08 Iron Casting
Connection lost

Rejoining the realm…

Still unreachable

The connection could not be restored.

Session expired

The server has moved on; the page needs a fresh start.